 Dungeon Crawl Stone Soup version 0.29.1-12-g30fa7ad0bf (webtiles) character file.

Game seed: 17413669376806646061

51 wingedge the Trooper (level 3, -1/48 HPs)
             Began as a Palentonga Berserker on Jan 9, 2023.
             Was a Believer of Trog.
             Slain by a gnoll
             ... wielding a +0 flail
              (6 damage)
             ... on level 3 of the Dungeon.
             The game lasted 00:03:58 (1697 turns).

wingedge the Trooper (Palentonga Berserker)         Turns: 1697, Time: 00:03:59

Health: -1/48      AC:  5    Str: 22    XL:     3   Next: 58%
Magic:  3/3        EV:  9    Int:  7    God:    Trog [**....]
Gold:   110        SH:  0    Dex: 11    Spells: 2/2 levels left

rFire   . . .      SeeInvis +   a - +0 hand axe
rCold   . . .      Faith    .   (no shield)
rNeg    . . .      Spirit   .   e - +0 ring mail
rPois   .          Reflect  .   (no helmet)
rElec   .          Harm     .   (no cloak)
rCorr   .          Rampage  .   (no gloves)
Will    .....                   (no barding)
Stlth   ..........              (no amulet)
HPRegen 0.16/turn               (no ring)
MPRegen 0.08/turn               (no ring)

@: berserking, very quick
A: large, rugged brown scales 3, see invisible, deformed body, roll 1, armoured
tail
a: Rolling Charge, Renounce Religion, Berserk, Trog's Hand


You were on level 3 of the Dungeon.
You worshipped Trog.
Trog was pleased with you.
You visited 1 branch of the dungeon, and saw 3 of its levels.

You collected 110 gold pieces.

Inventory:

Hand Weapons
 a - a +0 hand axe (weapon)
 n - a +0 sling
 r - a +0 arbalest
Armour
 e - a +0 ring mail (worn)
Scrolls
 c - a scroll of blinking {unknown}
 f - a scroll of enchant armour {unknown}
 g - 4 scrolls of identify {unknown}
 i - 3 scrolls of vulnerability {unknown}
 j - a scroll of poison {unknown}
 m - a scroll of teleportation {unknown}
 p - a scroll of fear {unknown}
Potions
 b - a potion of lignification {unknown}
 d - a potion of flight {unknown}
 h - a potion of haste {unknown}
 k - 2 potions of curing {unknown}
 l - a potion of attraction {unknown}
 o - a potion of heal wounds {unknown}
 q - a potion of invisibility {unknown}


   Skills:
 - Level 4.0 Fighting
 + Level 3.2 Axes
 - Level 2.0 Armour
 - Level 2.0 Dodging


You had 2 spell levels left.
You didn't know any spells.
Your spell library was empty.

Dungeon Overview and Level Annotations

Branches:
Dungeon (3/15)

Altars:


Innate Abilities, Weirdness & Mutations

You are completely covered in rugged brown scales. (AC +3, +7% HP)
You have supernaturally acute eyesight. (SInv)
Armour fits poorly on your strangely shaped body.
You can roll at nearby foes to attack.
You have a long armoured tail.


Message History

There is an open door here.
A gnoll comes into view. It is wielding a +0 whip.
You roll forward with a clatter of scales! 2 gnolls come into view.
You closely miss the gnoll.
The gnoll shouts! x2
The gnoll hits you with a +0 whip.
You hit the gnoll.
The gnoll is lightly wounded.
The gnoll hits you with a +0 whip.
You hit the gnoll.
Your tail-slap misses the gnoll.
The gnoll is heavily wounded.
The gnoll barely misses you.
You slash the gnoll!
You kill the gnoll!
Trog accepts your kill.
A bat comes into view.
You roll forward with a clatter of scales!
Found a stone staircase leading up.
You barely miss the bat. The bat hits you but does no damage.
You roll forward with a clatter of scales!
You hit the gnoll but do no damage.
Your tail-slap misses the gnoll.
You hit the gnoll. The bat hits you. The bat barely misses you.
The gnoll hits you with a +0 whip. The gnoll hits you with a +0 flail.
The gnoll hits you but does no damage. The gnoll hits you with a +0 whip.
Okay, then.
A red film seems to cover your vision as you go berserk!
You feel yourself moving faster!
You feel mighty! The bat hits you but does no damage. The bat hits you.
The gnoll hits you with a +0 whip.
* * * LOW HITPOINT WARNING * * *
The gnoll hits you with a +0 flail!
* * * LOW HITPOINT WARNING * * *
You closely miss the gnoll. x2; You closely miss the bat.
The bat barely misses you.
You hit the gnoll but do no damage. You tail-slap the gnoll.
The gnoll is moderately wounded.
You slash the gnoll! The bat hits you but does no damage.
The gnoll hits you with a +0 flail.
You die...

#.# #.# #.# #.#
###########.#
####........##.####
........).........#
#...gg.##.#...###
#..##@# #......# #
#b# #.#...##
.....<..# #.##.##
......... .. #.#
###.##.##### #.# #
#. ##'## #. ##...##
#. ##.....## # #.
##.......##


You could see 2 gnolls and a bat.

Vanquished Creatures
  A gnoll (D:3)
  An adder (D:2)
  A dart slug (D:2)
  4 ball pythons
  3 endoplasms
  A giant cockroach (D:1)
  2 goblins (D:2)
  2 hobgoblins
  2 kobolds (D:1)
  A quokka (D:1)
  5 bats (D:2)
  5 frilled lizards
  4 rats
32 creatures vanquished.

Notes
Turn   | Place    | Note
-------+----------+-------------------------------------------
     0 | D:1      | wingedge the Palentonga Berserker began the quest for the
                  | Orb.
     0 | D:1      | Reached XP level 1. HP: 19/19 MP: 1/1
   389 | D:1      | Reached XP level 2. HP: 25/25 MP: 2/2
   955 | D:2      | Reached XP level 3. HP: 32/32 MP: 3/3
   989 | D:2      | Reached ** piety under Trog
  1602 | D:2      | Reached skill level 4 in Fighting
  1697 | D:3      | Slain by a gnoll

Illustrated notes

Levels and vault maps discovered:
D:1:      dpeg_arrival_shrine, layout_loops_cross
D:2:      layout_basic, st_stairs_14, minmay_tripent
D:3:      layout_loops_corners, tso_oasis_becter, nzn_wu_jian_council_hall

Skill      XL: |  1  2  3 |
---------------+----------+-----
Dodging        | 2 |  2.0
Armour         | 2 |  2.0
Fighting       | 4 |  4.0
Axes           | |  3.2

Action                   || total
-------------------------++-------
Melee: Hand axe          ||    73
       Tailslap          ||     3
Invok: Berserk           ||     2
 Abil: Rolling Charge    ||    26
Armor: Leather armour    ||     2
       Ring mail         ||    27
Dodge: Dodged            ||    28
